MLB
NEW YORK METS @ SEATTLE MARINERS
10/04/2098
 
TOP OF THE 1ST
New York Mets batting - Pitching for Seattle Mariners : LHP Luis Lopez
Pitching: LHP Luis Lopez
Batting: LHB David Thomas 0-0: Ball
1-0: Foul Ball, location: 9LDF
1-1: Ball
2-1: Called Strike
2-2: SINGLE (Groundball, 13, EV 65.0 MPH) (infield hit)
Batting: SHB Dave Noriega 0-0: Ball
1-0: Ground out 5-3 (Groundball, 56S, EV 70.6 MPH)
David Thomas to second
Batting: RHB Jeff Hestermann 0-0: Ball
1-0: Foul Ball, location: 2F
1-1: Ball
2-1: Ball
3-1: Base on Balls
Batting: RHB Mike Sigal 0-0: Ball
1-0: Grounds into double play, 4-6-3 (Groundball, 4, EV 104.4 MPH)
Top of the 1st over - 0 runs, 1 hit, 0 errors, 1 left on base; New York 0 - Seattle 0
BOTTOM OF THE 1ST
Seattle Mariners batting - Pitching for New York Mets : RHP Dave Baldwin
Pitching: RHP Dave Baldwin
Batting: LHB Juan Aranda 0-0: Foul Ball, location: 7LDF
0-1: Ground out U3 (Groundball, 3L, EV 87.5 MPH)
Batting: SHB Rob Brady 0-0: Ground out 4-3 (Groundball, 4, EV 81.9 MPH)
Batting: SHB John Brownfield 0-0: Foul Ball, location: 2F
0-1: Ball
1-1: Foul Ball, location: 3F
1-2: Ball
2-2: Strikes out swinging
Bottom of the 1st over - 0 runs, 0 hits, 0 errors, 0 left on base; New York 0 - Seattle 0
TOP OF THE 2ND
New York Mets batting - Pitching for Seattle Mariners : LHP Luis Lopez
Batting: RHB Chris Sims 0-0: Foul Ball, location: 5DF
0-1: Called Strike
0-2: Ball
1-2: Ball
2-2: SINGLE (Groundball, 4MD, EV 100.0 MPH)
Pitching: RHP Danny Enriquez
Batting: LHB Jared Fetzer 0-0: Swinging Strike
0-1: Called Strike
0-2: Strikes out looking
Batting: RHB Mark Lamb 0-0: Ball
1-0: Called Strike
1-1: Ball
2-1: Swinging Strike
2-2: Foul Ball, location: 2F
2-2: Strikes out looking
Batting: RHB Nate Morrison 0-0: Called Strike
0-1: SINGLE (Line Drive, 89M, EV 102.5 MPH)
Chris Sims to second
Runner from 2nd tries for 3rd, SAFE, no throw by CF
Batting: LHB Bobby Ehrenreich 0-0: Foul Ball, location: 2F
0-1: Ball
1-1: Ground out 1-3 (Groundball, 13, EV 69.4 MPH)
Top of the 2nd over - 0 runs, 2 hits, 0 errors, 2 left on base; New York 0 - Seattle 0
BOTTOM OF THE 2ND
Seattle Mariners batting - Pitching for New York Mets : RHP Dave Baldwin
Batting: LHB Matt Hicks 0-0: Foul Ball, location: 3F
0-1: Ball
1-1: Ball
2-1: Foul Ball, location: 2F
2-2: Ball
3-2: Fly out, F9 (Flyball, 89M, EV 95.0 MPH)
Batting: RHB Kenny Dahl 0-0: Ball
1-0: Ball
2-0: Called Strike
2-1: Foul Ball, location: 5FF
2-2: Ball
3-2: Strikes out swinging
Batting: LHB Jon Garza 0-0: Ball
1-0: SINGLE (Groundball, 4MD, EV 98.1 MPH)
Batting: LHB Sean Jensen 0-0: Called Strike
0-1: SINGLE (Groundball, 6MD, EV 105.6 MPH)
Jon Garza to second
Runner from 2nd tries for 3rd, SAFE, throw by CF made to third
Batting: LHB Tim Larsen 0-0: Ball
1-0: Ground out 4-3 (Groundball, 4, EV 83.8 MPH)
Bottom of the 2nd over - 0 runs, 2 hits, 0 errors, 2 left on base; New York 0 - Seattle 0
TOP OF THE 3RD
New York Mets batting - Pitching for Seattle Mariners : RHP Danny Enriquez
Batting: LHB David Thomas 0-0: Ball
1-0: Ground out U3 (Groundball, 3, EV 85.6 MPH)
Batting: SHB Dave Noriega 0-0: Ball
1-0: Foul Ball, location: 2F
1-1: Ground out 4-3 (Groundball, 4D, EV 105.6 MPH)
Batting: RHB Jeff Hestermann 0-0: Swinging Strike
0-1: Ball
1-1: Ball
2-1: Ball
3-1: Base on Balls
Batting: RHB Mike Sigal 0-0: Foul Ball, location: 9LDF
0-1: Ground out 6-3 (Groundball, P, EV 86.3 MPH)
Top of the 3rd over - 0 runs, 0 hits, 0 errors, 1 left on base; New York 0 - Seattle 0
BOTTOM OF THE 3RD
Seattle Mariners batting - Pitching for New York Mets : RHP Dave Baldwin
Batting: RHB Brad Bargfrede 0-0: Reached on error, E6 (Groundball, 6, EV 83.8 MPH)
Batting: LHB Juan Aranda 0-0: Called Strike
0-1: Ground out 6-3 (Groundball, 6S, EV 76.3 MPH)
Brad Bargfrede to second
Batting: SHB Rob Brady 0-0: Fly out, F8 (Flyball, 8LD, EV 96.3 MPH)
Batting: SHB John Brownfield 0-0: Ball
1-0: Foul Ball, location: 5DF
1-1: Ball
2-1: Ball
3-1: Fly out, F7 (Flyball, 78S, EV 82.5 MPH)
Bottom of the 3rd over - 0 runs, 0 hits, 1 error, 1 left on base; New York 0 - Seattle 0
TOP OF THE 4TH
New York Mets batting - Pitching for Seattle Mariners : RHP Danny Enriquez
Batting: RHB Chris Sims 0-0: Foul Ball, location: 2F
0-1: Ball
1-1: Ball
2-1: Ball
3-1: Foul Ball, location: 9LMF
3-2: Foul Ball, location: 5DF
3-2: Strikes out swinging
Batting: LHB Jared Fetzer 0-0: Called Strike
0-1: SINGLE (Groundball, 4MD, EV 110.6 MPH)
Batting: RHB Mark Lamb 0-0: Fly out, F7 (Line Drive, 78M, EV 93.1 MPH)
Batting: RHB Nate Morrison 0-0: Foul Ball, location: 2F
0-1: Swinging Strike
0-2: Foul Ball, location: 2F
0-2: Ball
1-2: Foul Ball, location: 2F
1-2: Strikes out looking
Top of the 4th over - 0 runs, 1 hit, 0 errors, 1 left on base; New York 0 - Seattle 0
BOTTOM OF THE 4TH
Seattle Mariners batting - Pitching for New York Mets : RHP Dave Baldwin
Batting: LHB Matt Hicks 0-0: SINGLE (Groundball, 3S, EV 74.4 MPH) (infield hit)
Batting: RHB Kenny Dahl 0-0: SINGLE (Groundball, 4S, EV 66.9 MPH) (infield hit)
Matt Hicks to second
Batting: LHB Jon Garza 0-0: Swinging Strike
0-1: Foul Ball, location: 7LSF
0-2: Ball
1-2: Ball
2-2: Strikes out swinging
Batting: LHB Sean Jensen 0-0: Called Strike
0-1: Fly out, F7 (Flyball, 7, EV 91.9 MPH)
Batting: LHB Tim Larsen 0-0: Fly out, F8 (Line Drive, 8LM, EV 92.5 MPH)
Bottom of the 4th over - 0 runs, 2 hits, 0 errors, 2 left on base; New York 0 - Seattle 0
TOP OF THE 5TH
New York Mets batting - Pitching for Seattle Mariners : RHP Danny Enriquez
Pitching: RHP Brad Thomas
Batting: LHB Bobby Ehrenreich 0-0: SINGLE (Line Drive, 8RS, EV 85.0 MPH)
Batting: LHB David Thomas 0-0: Ball
1-0: Foul Ball, location: 2LF
1-1: Ball
2-1: Ball
3-1: Fly out, F6 (Line Drive, 6MD, EV 66.3 MPH)
Batting: SHB Dave Noriega 0-0: Called Strike
0-1: Foul Ball, location: 2F
0-2: Ball
1-2: Ball
2-2: Strikes out swinging
Batting: RHB Jeff Hestermann 0-0: Ball
1-0: Ball
2-0: Foul Ball, location: 2F
2-1: Ball
3-1: Foul Ball, location: 25F
3-2: SINGLE (Line Drive, 7LS, EV 88.8 MPH)
Bobby Ehrenreich to second
Bobby Ehrenreich to third
Batting: RHB Mike Sigal 0-0: Foul Ball, location: 9LDF
0-1: Foul Ball, location: 3FF
0-2: Ball
1-2: Strikes out swinging
Top of the 5th over - 0 runs, 2 hits, 0 errors, 2 left on base; New York 0 - Seattle 0
BOTTOM OF THE 5TH
Seattle Mariners batting - Pitching for New York Mets : RHP Dave Baldwin
Batting: RHB Brad Bargfrede 0-0: Ball
1-0: Swinging Strike
1-1: Ball
2-1: Ball
3-1: Base on Balls
Batting: LHB Juan Aranda 0-0: Called Strike
0-1: Ball
1-1: Ball
2-1: Foul Ball, location: 9LSF
2-2: Ball
3-2: Reached on error, E6 (Groundball, 6, EV 88.8 MPH)
Brad Bargfrede to second
Batting: SHB Rob Brady 0-0: Ball
1-0: Called Strike
1-1: Ball
2-1: SINGLE (Line Drive, 9LS, EV 99.4 MPH)
Brad Bargfrede to third
Juan Aranda to second
Batting: SHB John Brownfield 0-0: Foul Ball, location: 7LDF
0-1: Foul Ball, location: 2F
0-2: Ball
1-2: Strikes out swinging
Batting: LHB Matt Hicks 0-0: Called Strike
0-1: Ball
1-1: Ball
2-1: Grounds into fielders choice 4-2 (Groundball, 13, EV 81.9 MPH)
Juan Aranda to third
Rob Brady to second
Batting: RHB Kenny Dahl 0-0: Ball
1-0: Foul Ball, location: 2F
1-1: Called Strike
1-2: Foul Ball, location: 2F
1-2: DOUBLE (Groundball, 5L, EV 98.1 MPH)
Juan Aranda scores
Rob Brady scores
Matt Hicks to third
Batting: LHB Jon Garza 0-0: Ball
1-0: Ball
2-0: Called Strike
2-1: Called Strike
2-2: DOUBLE (Flyball, 8RXD, EV 110.6 MPH)
Matt Hicks scores
Kenny Dahl scores
Batting: LHB Sean Jensen 0-0: Foul Ball, location: 3SF
0-1: Called Strike
0-2: Foul Ball, location: 2F
0-2: Ball
1-2: Ball
2-2: Fly out, F8 (Flyball, 8RXD, EV 108.1 MPH)
Bottom of the 5th over - 4 runs, 3 hits, 1 error, 1 left on base; New York 0 - Seattle 4
TOP OF THE 6TH
New York Mets batting - Pitching for Seattle Mariners : RHP Brad Thomas
Batting: RHB Chris Sims 0-0: Ball
1-0: Ball
2-0: Ball
3-0: Called Strike
3-1: Foul Ball, location: 9LDF
3-2: Foul Ball, location: 2F
3-2: Foul Ball, location: 3SF
3-2: Foul Ball, location: 2F
3-2: Foul Ball, location: 2F
3-2: Hit by Pitch
Pitching: RHP Ernie Lydon
Batting: LHB Jared Fetzer 0-0: Swinging Strike
0-1: Foul Ball, location: 9LMFF
0-2: Fly out, F7 (Flyball, 7LS, EV 90.0 MPH)
Batting: RHB Mark Lamb 0-0: DOUBLE (Line Drive, 7LD, EV 104.4 MPH)
Chris Sims to third
Runner from 3rd tries for Home, SAFE, throw by LF to home
Batting: RHB Nate Morrison 0-0: Ball
1-0: Called Strike
1-1: Fly out, F7 (Flyball, 7, EV 92.5 MPH)
Pitching: LHP Jose Rebolloso
Pinch Hitting: RHB Marty Krpan 0-0: Ball
1-0: Ball
2-0: SINGLE (Line Drive, 6D, EV 108.1 MPH)
Mark Lamb to third
Throwing error, E8
Mark Lamb scores
Marty Krpan to second
Pinch Hitting: RHB Erik Bazan 0-0: Foul Ball, location: 3FF
0-1: SINGLE (Line Drive, 5D, EV 103.1 MPH)
Marty Krpan to third
Runner from 3rd tries for Home, SAFE, throw by LF to home
Batting: SHB Dave Noriega 0-0: Ball
1-0: Ball
2-0: Ball
3-0: Ground out 6-3 (Groundball, 6MD, EV 105.0 MPH)
Top of the 6th over - 3 runs, 3 hits, 1 error, 1 left on base; New York 3 - Seattle 4
BOTTOM OF THE 6TH
Seattle Mariners batting - Pitching for New York Mets : RHP Dave Baldwin
Now at 3B: Erik Bazan
Now at SS: Nate Morrison
Now in RF: Marty Krpan
Batting: LHB Tim Larsen 0-0: Foul Ball, location: 9LMF
0-1: Called Strike
0-2: Ball
1-2: Foul Ball, location: 2F
1-2: Ground out 5-3 (Groundball, 56, EV 108.8 MPH)
Batting: RHB Brad Bargfrede 0-0: Ball
1-0: Ball
2-0: Foul Ball, location: 2F
2-1: Ball
3-1: Ground out 6-3 (Groundball, 6M, EV 88.1 MPH)
Batting: LHB Juan Aranda 0-0: Fly out, F8 (Flyball, 89M, EV 91.3 MPH)
Bottom of the 6th over - 0 runs, 0 hits, 0 errors, 0 left on base; New York 3 - Seattle 4
TOP OF THE 7TH
New York Mets batting - Pitching for Seattle Mariners : LHP Jose Rebolloso
Pitching: RHP Gary Kennedy
Batting: RHB Jeff Hestermann 0-0: Foul Ball, location: 9LDF
0-1: Foul Ball, location: 2F
0-2: Strikes out swinging
Batting: RHB Mike Sigal 0-0: Ball
1-0: Foul Ball, location: 3SF
1-1: Ball
2-1: Called Strike
2-2: Strikes out swinging
Batting: RHB Chris Sims 0-0: Foul Ball, location: 2LF
0-1: Swinging Strike
0-2: Ball
1-2: Strikes out looking
Top of the 7th over - 0 runs, 0 hits, 0 errors, 0 left on base; New York 3 - Seattle 4
BOTTOM OF THE 7TH
Seattle Mariners batting - Pitching for New York Mets : RHP Dave Baldwin
Batting: SHB Rob Brady 0-0: Foul Ball, location: 2F
0-1: Swinging Strike
0-2: Ground out 6-3 (Groundball, 6M, EV 100.0 MPH)
Batting: SHB John Brownfield 0-0: Ball
1-0: Called Strike
1-1: Ball
2-1: Ball
3-1: Foul Ball, location: 9LSFF
3-2: SINGLE (Line Drive, 89S, EV 103.1 MPH)
Batting: LHB Matt Hicks 0-0: Called Strike
0-1: Swinging Strike
0-2: Ball
1-2: Ball
2-2: Fielders Choice at 2nd, 3-6 (Groundball, 3, EV 80.6 MPH)
Batting: RHB Kenny Dahl 0-0: SINGLE (Groundball, 34S, EV 66.9 MPH) (infield hit)
Matt Hicks to second
Pitching: RHP Francisco Flores
Batting: LHB Jon Garza 0-0: Called Strike
0-1: Ball
1-1: Ball
2-1: Swinging Strike
2-2: Strikes out swinging
Bottom of the 7th over - 0 runs, 2 hits, 0 errors, 2 left on base; New York 3 - Seattle 4
TOP OF THE 8TH
New York Mets batting - Pitching for Seattle Mariners : RHP Gary Kennedy
Pinch Hitting: SHB Curt Tolley 0-0: Called Strike
0-1: Ball
1-1: Foul Ball, location: 2F
1-2: Strikes out swinging
Batting: RHB Mark Lamb 0-0: Ground out 4-3 (Groundball, 4S, EV 88.1 MPH)
Pinch Hitting: RHB Ryan Taylor 0-0: Foul Ball, location: 2F
0-1: Ball
1-1: Ball
2-1: Swinging Strike
2-2: Fly out, F4 (Line Drive, 4D, EV 65.6 MPH)
Top of the 8th over - 0 runs, 0 hits, 0 errors, 0 left on base; New York 3 - Seattle 4
BOTTOM OF THE 8TH
Seattle Mariners batting - Pitching for New York Mets : RHP Francisco Flores
Pitching: LHP Danny Amador
Now at SS: Ryan Taylor
Now in CF: Ben Keyser
Batting: LHB Sean Jensen 0-0: Swinging Strike
0-1: Ball
1-1: Foul Ball, location: 2F
1-2: Ball
2-2: Foul Ball, location: 2F
2-2: Foul Ball, location: 2F
2-2: Foul Ball, location: 9LSF
2-2: Foul Ball, location: 25F
2-2: Ball
3-2: Strikes out swinging, 2-3 out at first.
Pinch Hitting: RHB Jaime Callahan 0-0: Called Strike
0-1: Foul Ball, location: 9LDF
0-2: Ball
1-2: Strikes out looking
Batting: RHB Brad Bargfrede 0-0: Ball
1-0: Ball
2-0: Ball
3-0: Called Strike
3-1: Swinging Strike
3-2: Base on Balls
Batting: LHB Juan Aranda 0-0: Swinging Strike
0-1: Ground out 5-3 (Groundball, 5L, EV 103.8 MPH)
Bottom of the 8th over - 0 runs, 0 hits, 0 errors, 1 left on base; New York 3 - Seattle 4
TOP OF THE 9TH
New York Mets batting - Pitching for Seattle Mariners : RHP Gary Kennedy
Pitching: RHP Tony Soto
Now at 1B: Omar Perez
Now at SS: Joe Weber
Now in LF: Juan Aranda
Now in RF: Dan Shell
Batting: RHB Marty Krpan 0-0: Called Strike
0-1: Called Strike
0-2: Ball
1-2: Strikes out swinging
Batting: RHB Erik Bazan 0-0: SINGLE (Line Drive, 4D, EV 93.8 MPH)
Batting: SHB Dave Noriega 0-0: Foul Ball, location: 5F
0-1: Foul Ball, location: 2F
0-2: Strikes out looking
Batting: RHB Jeff Hestermann 0-0: Ball
1-0: Ball
2-0: Called Strike
2-1: SINGLE (Groundball, 6MD, EV 110.0 MPH)
Erik Bazan to second
Runner from 2nd tries for 3rd, SAFE, no throw by CF
Batting: RHB Mike Sigal 0-0: Called Strike
0-1: Ball
1-1: Called Strike
1-2: Ball
2-2: Fly out, F5 (Popup, 56, EV 58.1 MPH)
Top of the 9th over - 0 runs, 2 hits, 0 errors, 2 left on base; New York 3 - Seattle 4
Tuesday, April 16th , 2024 - OOTP Baseball 24.11 Build 85